[Event "Late-Titled-Tuesday-Blitz-June-25-2024"]
[Site "Chess.com"]
[Date "2024.06.25"]
[Round "6"]
[White "tolimachess"]
[Black "Brown_Mamba24"]
[Result "0-1"]
[WhiteElo "2309"]
[BlackElo "2552"]
[TimeControl "180+1"]
[EndTime "15:05:06 PDT"]
[Termination "Brown_Mamba24 won by resignation"]

1. e4 c5 2. Nf3 Nc6 3. Bb5 Nf6 4. Nc3 Qc7 5. O-O Nd4 6. Bc4 a6 7. a4 d6 8. Nd5 Nxd5 9. Nxd4 Nb6 10. Bxf7+ Kxf7 11. Qf3+ Ke8 12. Nf5 g6 13. Qc3 Rg8 14. Ne3 Bg7 15.
Qa3 Be6 16. d3 Nd7 17. f4 Bd4 18. Kh1 c4 19. f5 Bf7 20. fxg6 Rxg6 21. Nf5 Bc5 22.
Qc3 Nf6 23. d4 Bb6 24. e5 dxe5 25. dxe5 Nd5 26. Qf3 Qxe5 27. Nd6+ Rxd6 28. Qxf7+ Kd7 29.
a5 Be3 30. Bxe3 Nxe3 31. Rfe1 Qg5 32. Qf3 Nd5 33. Rad1 Qf6 34. Qh3+ Kc6 35. Qxh7 Rh8 36. Qe4 Qh4 37. Qxc4+ Qxc4 0-1

[Event "Late-Titled-Tuesday-Blitz-June-25-2024"]
[Site "Chess.com"]
[Date "2024.06.25"]
[Round "6"]
[White "sergiochess83"]
[Black "Sondremelaa"]
[Result "1-0"]
[WhiteElo "2825"]
[BlackElo "2582"]
[TimeControl "180+1"]
[EndTime "15:05:07 PDT"]
[Termination "sergiochess83 won by resignation"]

1. d4 Nf6 2. c4 g6 3. f3 d5 4.
cxd5 Nxd5 5. e4 Nb6 6. Nc3 Bg7 7. Be3 O-O 8. Qd2 e5 9. d5 c6 10. O-O-O cxd5 11. exd5 N8d7 12. h4 Nf6 13. h5 Bd7 14.
hxg6 fxg6 15. Kb1 Rc8 16. Nh3 e4 17. Ng5 exf3 18. gxf3 Nc4 19. Bxc4 Rxc4 20. Bd4 Bf5+ 21. Ka1 h6 22. Ne6 Bxe6 23. dxe6 Qe7 24. Qd3 Qxe6 25.
Qxg6 Qf7 26. Rxh6 Qxg6 27. Rxg6 Rd8 28. Rxg7+ Kf8 29. Rg6 Nh5 30. Rg5 Rcxd4 31. Rxd4 Rxd4 32. Rxh5 Rd3 33. Rf5+ Ke7 34. a3 Ke6 35. Rf4 a6 36. Kb1 b5 37. Kc2 Rd8 38. Rh4 Kf5 39. Rh6 Kf4 40. Rxa6 Kxf3 41. Nxb5 Ke4 42. Rd6 Rc8+ 43.
Nc3+ Ke5 44. Rd3 Ke6 45. b4 1-0

[Event "Late-Titled-Tuesday-Blitz-June-25-2024"]
[Site "Chess.com"]
[Date "2024.06.25"]
[Round "6"]
[White "AlexanderMatlak"]
[Black "Nf3c5"]
[Result "0-1"]
[WhiteElo "2465"]
[BlackElo "2637"]
[TimeControl "180+1"]
[EndTime "15:05:07 PDT"]
[Termination "Nf3c5 won on time"]

1. c4 Nf6 2. Nf3 b6 3. g3 Bb7 4. Bg2 c5 5. O-O g6 6. Nc3 Bg7 7. e3 Ne4 8. Nxe4 Bxe4 9. d3 Bb7 10. e4 O-O 11. Rb1 Nc6 12. a3 a5 13. b3 e6 14. Bb2 Bxb2 15. Rxb2 e5 16. Qd2 d6 17.
Qh6 Qf6 18. h4 Qg7 19. Qd2 h6 20. Ne1 Nd4 21. Nc2 Ne6 22. b4 axb4 23. axb4 Bc6 24.
bxc5 bxc5 25. Rb6 Rac8 26. Bh3 f5 27. Ne3 Nd4 28. f4 exf4 29. Rxf4 fxe4 30. Rxc6 Rxc6 31. Bg2 Rxf4 32. gxf4 Ra6 33. Bxe4 Ra1+ 34. Kg2 Qa7 35. Bd5+ Kg7 36. Kg3 Ra2 37. Qc3 Qe7 38. Qe1 Re2 0-1

[Event "Late-Titled-Tuesday-Blitz-June-25-2024"]
[Site "Chess.com"]
[Date "2024.06.25"]
[Round "6"]
[White "duone"]
[Black "Navyblue1"]
[Result "1-0"]
[WhiteElo "2376"]
[BlackElo "2157"]
[TimeControl "180+1"]
[EndTime "15:05:07 PDT"]
[Termination "duone won on time"]

1. Nf3 c5 2. b3 Nf6 3. Bb2 g6 4. e3 Bg7 5. Be2 d6 6. O-O O-O 7. d4 b6 8. Nbd2 Bb7 9. c4 Nbd7 10. d5 Ne8 11. Bxg7 Nxg7 12. Qc2 Nf6 13. Bd3 Re8 14. a4 a5 15. Ng5 Bc8 16. f4 Bf5 17. e4 Bc8 18. e5 Nd7 19. Rae1 Nf8 20. e6 fxe6 21. dxe6 Ngxe6 22. Be4 Nd4 23. Bd5+ e6 24. Qe4 Ra7 25.
Ndf3 Nxf3+ 26. Rxf3 Rg7 27. Bc6 Ree7 28. Rd3 Qc7 29.
Red1 h6 30. Nf3 Bb7 31. Bxb7 Qxb7 32. Qxb7 Rxb7 33. Rxd6 Rge7 34. Ne5 Kg7 35. Kf2 Kf6 36. Ke3 g5 37. g3 gxf4+ 38. gxf4 Ng6 39. Ke4 Nxe5 40.
fxe5+ Kg6 41. Rg1+ Kh7 42. h4 Rb8 43. h5 Rf8 44. Rg6 Rf1 45. Rdxe6 Re1+ 46. Kd5 Rd1+ 47. Kc6 Rf7 48. Rxh6+ Kg7 49. Reg6+ Kf8 50. Rh8+ Ke7 51. Rd6 1-0

[Event "Late-Titled-Tuesday-Blitz-June-25-2024"]
[Site "Chess.com"]
[Date "2024.06.25"]
[Round "6"]
[White "ansko1999"]
[Black "rychessmaster1"]
[Result "1-0"]
[WhiteElo "2591"]
[BlackElo "2771"]
[TimeControl "180+1"]
[EndTime "15:05:08 PDT"]
[Termination "ansko1999 won on time"]

1. Nf3 Nf6 2. c3 d5 3. d4 c5 4.
dxc5 e6 5. b4 a5 6. Bb2 axb4 7.
cxb4 b6 8. a4 bxc5 9. b5 Bd6 10.
e3 O-O 11. Nbd2 Nbd7 12. Bd3 Bb7 13. O-O Bc7 14. Qb1 Ba5 15. e4 c4 16. e5 Ng4 17.
Bxh7+ Kh8 18. Ba3 Re8 19. Bd6 Bb6 20. h3 Nh6 21. Rd1 Qc8 22. Ng5 g6 23. Bxg6 Rg8 24. Nxf7+ Nxf7 25. Bxf7 Rg7 26. Bh5 Bd4 27. Nf3 Bxa1 28.
Qxa1 Nc5 29. Qc1 Qg8 30. Bxc5 Rxg2+ 31. Kf1 Rg7 32. Bg4 Rxa4 33. Qh6+ Qh7 34. Qf6 Qc2 35. Bf8 Qxd1+ 36. Kg2 1-0

[Event "Late-Titled-Tuesday-Blitz-June-25-2024"]
[Site "Chess.com"]
[Date "2024.06.25"]
[Round "6"]
[White "JulbeNn"]
[Black "burbur555"]
[Result "0-1"]
[WhiteElo "2546"]
[BlackElo "2707"]
[TimeControl "180+1"]
[EndTime "15:05:08 PDT"]
[Termination "burbur555 won by resignation"]

1. e4 c6 2. Nf3 d5 3. exd5 cxd5 4. Ne5 Nf6 5. d4 Nc6 6. Bb5 Bd7 7. Nxd7 Qxd7 8. c3 e6 9. Nd2 a6 10. Bd3 Bd6 11. O-O Qc7 12. Nf3 Ne4 13. g3 f5 14.
Ng5 Nxg5 15. Bxg5 O-O 16. Re1 Rae8 17. Qf3 f4 18. Qh5 g6 19. Bxg6 hxg6 20. Qxg6+ Qg7 21.
Rxe6 Be7 22. Qh5 Bxg5 23. Rg6 Bf6 24. Qxd5+ Rf7 25. Rxg7+ Kxg7 26. g4 f3 27. Kf1 Re2 28.
Re1 Rxb2 29. g5 Be7 30. c4 Bb4 31. Rd1 Re2 32. c5 Bc3 33. h4 Nxd4 34. Qc4 Nb5 35.
Kg1 Rfe7 36. Rf1 R2e4 37. Kh2 Rxc4 0-1

[Event "Late-Titled-Tuesday-Blitz-June-25-2024"]
[Site "Chess.com"]
[Date "2024.06.25"]
[Round "6"]
[White "VirtualCoach"]
[Black "cukricek"]
[Result "1-0"]
[WhiteElo "2357"]
[BlackElo "2484"]
[TimeControl "180+1"]
[EndTime "15:05:08 PDT"]
[Termination "VirtualCoach won by resignation"]

1. e4 c5 2. Nf3 g6 3. c3 d5 4. e5 Nc6 5. d4 Bg4 6. Be2 Bxf3 7. Bxf3 cxd4 8. cxd4 Nh6 9. Na3 Nf5 10. Nc2 h5 11.
O-O e6 12. a3 h4 13. h3 Bh6 14. Bg4 Bxc1 15. Rxc1 Qg5 16. Bxf5 gxf5 17. Qf3 Rc8 18. Ne3 Ke7 19. Rcd1 Rhg8 20. Rd3 Na5 21. b4 Nc4 22. Rc1 Nxe3 23. Rxc8 Rxc8 24. Qxe3 Rc1+ 25. Kh2 Qxe3 26. fxe3 f6 27. exf6+ Kxf6 28. Rb3 e5 29. dxe5+ Kxe5 30. Rd3 Re1 31. a4 Rb1 32. Rd4 Rb3 33. Rxh4 Rxe3 34. Rh7 Ra3 35. Rxb7 Rxa4 36. h4 a5 37. bxa5 Rxh4+ 38. Kg3 Ra4 39. Rb5 Ke4 40. Kf2 Ra2+ 41. Kf1 d4 42. g3 d3 43. Ke1 Rg2 44. a6 Rxg3 45. a7 Rg8 46. Rb8 Rg1+ 47. Kd2 Rg2+ 48.
Kc3 1-0

[Event "Late-Titled-Tuesday-Blitz-June-25-2024"]
[Site "Chess.com"]
[Date "2024.06.25"]
[Round "6"]
[White "Sacbutt"]
[Black "WindWhistler11"]
[Result "0-1"]
[WhiteElo "2250"]
[BlackElo "2454"]
[TimeControl "180+1"]
[EndTime "15:05:08 PDT"]
[Termination "WindWhistler11 won on time"]

1. d4 Nf6 2. c4 e6 3. Nf3 c5 4. d5 exd5 5. cxd5 Bd6 6. Nc3 O-O 7. e4 Re8 8. Bd3 Bc7 9. O-O d6 10. Re1 a6 11. a4 Nbd7 12. Bg5 h6 13. Bh4 Nf8 14. Qd2 Ng6 15. Bg3 Nh5 16. e5 Nxe5 17. Nxe5 dxe5 18. Ne4 Nxg3 19. hxg3 Bd6 20. Rac1 b6 21.
a5 f5 22. Nxd6 Qxd6 23. axb6 Rb8 24. Qc2 e4 25. Qxc5 Rxb6 26. f3 e3 27. b4 Bb7 28.
Bc4 Rd8 29. Rxe3 Rxb4 30. Qxd6 Rxd6 31. Re8+ Kf7 32. Rb8 a5 33. Bd3 Bxd5 34. Bxf5 Rxb8 0-1

[Event "Late-Titled-Tuesday-Blitz-June-25-2024"]
[Site "Chess.com"]
[Date "2024.06.25"]
[Round "6"]
[White "Maus7"]
[Black "kinga2008"]
[Result "0-1"]
[WhiteElo "2656"]
[BlackElo "2545"]
[TimeControl "180+1"]
[EndTime "15:05:09 PDT"]
[Termination "kinga2008 won by resignation"]

1. e4 c5 2. Nf3 Nc6 3. d4 cxd4 4. Nxd4 e5 5. Nb5 a6 6. Nd6+ Bxd6 7. Qxd6 Qf6 8. Qd1 Qg6 9. Nc3 d5 10. Nxd5 Qxe4+ 11. Be3 Nd4 12. Nc7+ Ke7 13. Rc1 Bg4 14. Qd3 Qxd3 15.
Bxd3 Rd8 16. h3 Bh5 17. f4 exf4 18. Bxf4 Bg6 19. Bxg6 hxg6 20. Kf2 Nf6 21. Rhe1+ Kd7 22. Rcd1 Kc6 23. Re7 Nh5 24. Be5 Nf5 25. Rxd8 Rxd8 26.
Rxf7 Rd2+ 27. Kg1 Ne3 28. g4 Ng3 29. Bxg3 Rg2+ 30. Kh1 Rxg3 31. Kh2 Rg2+ 32. Kh1 Rxc2 33. Rxg7 Rxb2 34. Ne6 Rxa2 35. Rxg6 Kd5 36. h4 Ke4 37. Rf6 Ra1+ 38. Kh2 Nxg4+ 0-1

[Event "Late-Titled-Tuesday-Blitz-June-25-2024"]
[Site "Chess.com"]
[Date "2024.06.25"]
[Round "6"]
[White "wild3000"]
[Black "NigiriSushies"]
[Result "1-0"]
[WhiteElo "2522"]
[BlackElo "2295"]
[TimeControl "180+1"]
[EndTime "15:05:09 PDT"]
[Termination "wild3000 won on time"]

1. h4 b6 2. h5 Bb7 3. a4 a5 4.
Nc3 Nf6 5. d3 h6 6. e4 e6 7.
Nge2 Bb4 8. Ng3 d5 9. Bd2 Nbd7 10. Be2 O-O 11. O-O dxe4 12. Ncxe4 Bxd2 13. Qxd2 Nxe4 14. dxe4 Nc5 15. Qf4 Qd6 16. Qxd6 cxd6 17. f3 d5 18. exd5 Bxd5 19. Rfd1 Rac8 20. Bb5 Nb7 21. Rd2 Nd6 22. Ba6 Rc7 23. Ne2 Ra8 24. Bd3 Bc4 25. Nc3 Bxd3 26. Rxd3 Nc4 27. Nb5 Rc5 28. b3 Ne5 29. Rd2 Rac8 30.
c4 Nc6 31. g4 Nb4 32. Rad1 R5c6 33. Kf2 Rc5 34. Rd8+ Kh7 35. Rxc8 Rxc8 36. Rd7 f6 37. Nd6 Rb8 38. Re7 Nd3+ 39. Kg3 Nc5 40. Ne8 Kg8 41. Nxg7 Kf8 42. Ra7 Nxb3 43. Nxe6+ Kg8 44. Rg7+ Kh8 45. Rf7 Nd2 46. Rxf6 Kh7 47. Rf7+ Kg8 48. Rc7 Nf1+ 49. Kf4 Nd2 50. Ke3 Nf1+ 51. Kd4 Re8 52. Rg7+ Kh8 53.
Rg6 Nd2 54. f4 1-0

[Event "Late-Titled-Tuesday-Blitz-June-25-2024"]
[Site "Chess.com"]
[Date "2024.06.25"]
[Round "6"]
[White "talaicito"]
[Black "Slovak_fighter2000"]
[Result "1-0"]
[WhiteElo "2379"]
[BlackElo "2505"]
[TimeControl "180+1"]
[EndTime "15:05:12 PDT"]
[Termination "talaicito won on time"]

1. d4 Nf6 2. Nc3 e6 3. e4 d5 4. e5 Nfd7 5. Nce2 c5 6. c3 Nc6 7. Nf3 cxd4 8. cxd4 Bb4+ 9. Bd2 Qb6 10. g3 O-O 11.
Bh3 f6 12. Bxe6+ Kh8 13. Bxd5 fxe5 14. O-O Nf6 15. Bxc6 bxc6 16. Bxb4 Qxb4 17. Nxe5 Bh3 18. Re1 Ne4 19. f3 Ng5 20. Nf4 Qxb2 21. Re2 Qc3 22. Rf2 Rad8 23. Rc1 Qa3 24. Nxc6 Rd6 25. d5 Bd7 26.
Kg2 Rxf4 27. gxf4 Nh3 28. Ne5 Bf5 29. Nf7+ Kg8 30. Nxd6 Qxd6 31. Rc6 Nxf4+ 32. Kh1 Qe5 33. d6 Bd7 34. Rc7 Qf5 35. Qb3+ Kf8 36. Qb8+ Kf7 37.
Qb3+ Kg6 38. Qc2 Nd3 39. Rg2+ Kh6 40. Rxd7 Ne1 41. Qxf5 1-0

[Event "Late-Titled-Tuesday-Blitz-June-25-2024"]
[Site "Chess.com"]
[Date "2024.06.25"]
[Round "6"]
[White "akanga001"]
[Black "patzer-reloaded"]
[Result "0-1"]
[WhiteElo "2188"]
[BlackElo "2417"]
[TimeControl "180+1"]
[EndTime "15:05:12 PDT"]
[Termination "patzer-reloaded won on time"]

1. d4 d5 2. c4 Nf6 3. cxd5 g6 4. Nc3 Nxd5 5. e4 Nxc3 6. bxc3 Bg7 7. Bc4 O-O 8. Ne2 c5 9. O-O Nc6 10. Be3 Qc7 11.
Rc1 b6 12. dxc5 bxc5 13. Ng3 Na5 14. Bb5 a6 15. Be2 Be6 16. c4 Rfd8 17. Qa4 Nc6 18. Bxc5 Nd4 19. Ba3 Be5 20. Rfe1 h5 21. Nf1 h4 22. h3 Bf4 23. Rb1 Nxe2+ 24. Rxe2 Qxc4 25. Qc2 Qxc2 26. Rxc2 Rdc8 27. Rxc8+ Rxc8 28. Bxe7 Bxa2 29. Ra1 Rc2 30. Bxh4 a5 31. Bg3 Bc1 32. Ne3 Bxe3 33. fxe3 a4 34. Bd6 Kg7 35. e5 g5 36. Rb1 Bxb1 0-1

[Event "Late-Titled-Tuesday-Blitz-June-25-2024"]
[Site "Chess.com"]
[Date "2024.06.25"]
[Round "6"]
[White "Tigranpatagonian"]
[Black "ManMish2"]
[Result "0-1"]
[WhiteElo "2459"]
[BlackElo "2632"]
[TimeControl "180+1"]
[EndTime "15:05:13 PDT"]
[Termination "ManMish2 won on time"]

1. d4 d5 2. c4 e6 3. Nc3 Be7 4. Nf3 Nf6 5. Bg5 O-O 6. e3 Nbd7 7. Qc2 c6 8. Bd3 b6 9. O-O Bb7 10.
Rfd1 h6 11. Bh4 Re8 12. Rac1 Rc8 13. Qe2 c5 14. dxc5 Nxc5 15. Bb1 Ncd7 16. cxd5 Nxd5 17.
Nxd5 Bxh4 18. Qd3 Nf8 19. Rxc8 Qxc8 20. Nxb6 Bxf2+ 21. Kxf2 axb6 22. Nd4 Qc5 23. Qb5 Rd8 24. Rd3 Be4 25. Rc3 Qxb5 26. Nxb5 Bxb1 27. a4 Be4 28. b4 Rd2+ 29. Ke1 Rxg2 30. Rc8 g6 31. Nd6 Bd3 32. Rc7 Re2+ 33. Kd1 Rf2 34. Ke1 Rf3 35. Kd2 Bf1 0-1

[Event "Late-Titled-Tuesday-Blitz-June-25-2024"]
[Site "Chess.com"]
[Date "2024.06.25"]
[Round "6"]
[White "ozates"]
[Black "Pachonpower"]
[Result "0-1"]
[WhiteElo "2610"]
[BlackElo "2473"]
[TimeControl "180+1"]
[EndTime "15:05:14 PDT"]
[Termination "Pachonpower won on time"]

1. e4 c5 2. Nf3 d6 3. d4 cxd4 4. Nxd4 Nf6 5. Nc3 a6 6. g3 e5 7. Nde2 Be7 8. Bg2 b5 9. O-O O-O 10. a4 b4 11. Nd5 Nxd5 12. Qxd5 Ra7 13. a5 Be6 14. Qd3 Nd7 15. Be3 Nc5 16. Qd2 Rb7 17.
f4 f6 18. b3 Rb5 19. h3 Qd7 20.
f5 Bf7 21. g4 Qc6 22. g5 Nxe4 23. Qd3 d5 24. Rad1 Bc5 25. Kh2 Bxe3 26. Qxe3 Nxg5 27.
h4 Ne4 28. Bxe4 dxe4 29. Rg1 Qc5 30. Qg3 g6 31. fxg6 hxg6 32. Rdf1 Qe7 33. h5 g5 34. h6 Kh7 35. Qg4 Bg6 36. Ng3 Rc5 37. Rg2 e3 38.
Qxb4 f5 39. Re2 Rfc8 40. Kg1 f4 41. Ne4 Kxh6 42. Nxc5 Rxc5 43. Rh2+ Kg7 44. Qb8 Kf6 45. Qb6+ Kf5 0-1

[Event "Late-Titled-Tuesday-Blitz-June-25-2024"]
[Site "Chess.com"]
[Date "2024.06.25"]
[Round "6"]
[White "Root_21"]
[Black "subham777"]
[Result "0-1"]
[WhiteElo "2657"]
[BlackElo "2547"]
[TimeControl "180+1"]
[EndTime "15:05:15 PDT"]
[Termination "subham777 won by checkmate"]

1. d4 d5 2. c4 e6 3. Nf3 Nf6 4. g3 Be7 5. Bg2 O-O 6. O-O Ne4 7.
b3 f5 8. Qc2 c6 9. Nc3 Nd7 10.
h4 Ndf6 11. Bf4 Bd7 12. Ne5 Be8 13. f3 Nxc3 14. Qxc3 Qb6 15. c5 Qa6 16. Rfe1 b6 17. b4 bxc5 18. bxc5 Nd7 19. Bf1 Nxe5 20. Bxe5 Qc8 21. Rab1 Bf6 22. Bd6 Rf7 23. e3 Be7 24.
Bf4 Qd8 25. Rb7 g5 26. hxg5 Bxg5 27. Reb1 Bxf4 28. exf4 Qf6 29. Qe3 Qg7 30. Rxf7 Qxg3+ 31. Bg2 Bxf7 32. Qe5 h5 33. Rb7 h4 34. Qf6 Qe1+ 35.
Kh2 Qg3+ 36. Kg1 Qe1+ 37. Bf1 Qg3+ 38. Kh1 Qxf3+ 39. Bg2 Qd1+ 40. Kh2 Qh5 41. Qe5 Qg4 42. Rb2 Qg3+ 43. Kh1 Kh7 44. Re2 Rg8 45. Qf6 Rg7 46. Qe5 h3 47. Kg1 hxg2 48. Re1 Qh3 49. Kf2 g1=Q+ 50.
Rxg1 Qh2+ 51. Kf3 Qxg1 52. Qf6 Qg2+ 53. Ke3 Qe4+ 54. Kd2 Rg2+ 55. Kc3 Qc2+ 56. Kb4 Qc4+ 57. Ka5 Rxa2# 0-1

[Event "Late-Titled-Tuesday-Blitz-June-25-2024"]
[Site "Chess.com"]
[Date "2024.06.25"]
[Round "6"]
[White "KNVB"]
[Black "Perecke"]
[Result "1-0"]
[WhiteElo "2689"]
[BlackElo "2508"]
[TimeControl "180+1"]
[EndTime "15:05:15 PDT"]
[Termination "KNVB won by checkmate"]

1. d4 d5 2. Bf4 c5 3. e3 Nc6 4.
c3 Qb6 5. Qb3 c4 6. Qc2 Bf5 7.
Qxf5 Qxb2 8. Qxd5 Qxa1 9. Qb5 O-O-O 10. Nf3 Qxa2 11. Bxc4 Qa5 12. Qxa5 Nxa5 13. Bxf7 b6 14. Ng5 Nh6 15. Be6+ Kb7 16. Nd2 Nc6 17. d5 Na5 18.
Ke2 g6 19. Be5 Rg8 20. Bxg8 Nxg8 21. c4 Bh6 22. Ne6 Rc8 23. Kd3 Nf6 24. Rb1 Nd7 25. Bd4 Ka8 26. g4 Nb7 27. g5 Bf8 28. Ne4 Na5 29. Nd2 Nb7 30. Ne4 Na5 31. Rb4 Nb7 32.
h4 Nbc5+ 33. Bxc5 bxc5 34. Ra4 Ne5+ 35. Kc3 Nf3 36. N4xc5 Nxh4 37. Nd7 Kb7 38. Ndxf8 Nf5 39. Rb4+ Ka8 40. Nd7 Nd6 41. f3 Nf5 42. e4 Nh4 43. c5 Nxf3 44. c6 Ne5 45. Rb8+ Rxb8 46. Nc7# 1-0

[Event "Late-Titled-Tuesday-Blitz-June-25-2024"]
[Site "Chess.com"]
[Date "2024.06.25"]
[Round "6"]
[White "anasta10"]
[Black "Chessmissile07"]
[Result "1/2-1/2"]
[WhiteElo "2651"]
[BlackElo "2834"]
[TimeControl "180+1"]
[EndTime "15:05:16 PDT"]
[Termination "Game drawn by repetition"]

1. Nf3 a6 2. g3 b5 3. Bg2 Bb7 4. O-O Nf6 5. b3 g6 6. c4 Bg7 7. Bb2 O-O 8. d3 c5 9. Nc3 b4 10. Na4 d6 11. a3 a5 12. axb4 axb4 13. Ra2 Nbd7 14. Qa1 Qc7 15. d4 Ne4 16. dxc5 Bxb2 17. Qxb2 Ndxc5 18. Rfa1 Nxa4 19. Rxa4 Rxa4 20. Rxa4 Bc6 21.
Ra1 Nc3 22. Qd2 Qb7 23. Nh4 Bxg2 24. Nxg2 Ra8 25. Rxa8+ Qxa8 26. Nf4 Qa1+ 27. Kg2 Qb1 28. Qe3 e5 29. Nd5 Qxb3 30. Nf6+ Kg7 31. Ne8+ Kf8 32.
Nxd6 e4 33. Qc5 Na4 34. Qc8+ Kg7 35. Ne8+ Kf8 36. Nf6+ Kg7 37. Ne8+ Kf8 38. Nf6+ Kg7 39. Ne8+ 1/2-1/2

[Event "Late-Titled-Tuesday-Blitz-June-25-2024"]
[Site "Chess.com"]
[Date "2024.06.25"]
[Round "6"]
[White "Grossboss19"]
[Black "Kaustubh_Kodihalli"]
[Result "0-1"]
[WhiteElo "2606"]
[BlackElo "2467"]
[TimeControl "180+1"]
[EndTime "15:05:20 PDT"]
[Termination "Kaustubh_Kodihalli won by checkmate"]

1. c4 c6 2. Nf3 d5 3. g3 Nf6 4. Bg2 Bf5 5. O-O e6 6. Nh4 Be4 7. f3 Bg6 8. cxd5 exd5 9. d4 Bd6 10. Nc3 O-O 11. Nxg6 hxg6 12. e4 dxe4 13. fxe4 Bb4 14. Bg5 Be7 15. h4 Nh5 16. Bxe7 Qxe7 17. Qf3 Nf6 18.
Rad1 Na6 19. e5 Nd7 20. Ne4 c5 21. Ng5 cxd4 22. Qxb7 Nac5 23. Qc7 Rac8 24. Qd6 Qxe5 25. Rxd4 Qxd6 26. Rxd6 Nf6 27. b4 Ncd7 28. Bh3 Rc7 29. Rfd1 Nb6 30. Rd8 Nh7 31. Ne4 Re7 32. Nc5 Nf6 33.
a4 Rxd8 34. Rxd8+ Kh7 35. a5 Nbd5 36. b5 Re2 37. Bf1 Rb2 38. Ra8 Ne3 39. Bd3 Nfg4 40.
Rxa7 Rg2+ 41. Kh1 Nf2# 0-1

[Event "Late-Titled-Tuesday-Blitz-June-25-2024"]
[Site "Chess.com"]
[Date "2024.06.25"]
[Round "6"]
[White "JavierRuizVazquez"]
[Black "guillembaches"]
[Result "0-1"]
[WhiteElo "2385"]
[BlackElo "2537"]
[TimeControl "180+1"]
[EndTime "15:05:20 PDT"]
[Termination "guillembaches won by checkmate"]

1. e4 d5 2. exd5 Qxd5 3. d4 Nc6 4. c3 e5 5. dxe5 Qxd1+ 6. Kxd1 Nxe5 7. Be2 Bf5 8. Bf4 O-O-O+ 9. Ke1 Nd3+ 10. Bxd3 Bxd3 11.
Nf3 Bc5 12. Ne5 Nf6 13. Nd2 Rhe8 14. Kd1 Nh5 15. Nxf7 Nxf4 16. Nxd8 Kxd8 17. g3 Be2+ 18. Kc2 Nd3 19. f4 Nf2 20. Rhe1 Bd3+ 21. Kb3 Rf8 22. Nf3 b5 23. Ne5 Kc8 24. a4 Kb7 25. Nd7 Rf5 26.
axb5 Bxb5 27. Ra5 Bxd7 28. Re2 Nd3 29. Rd2 Rd5 30. Kc2 Bf5 31. Kb3 Nc1+ 32. Kc4 Rxd2 33.
Rxc5 Be6+ 34. Kb4 Nd3+ 35. Kb5 Nxc5 36. b4 Rb2 37. c4 a6+ 38. Kxc5 Rxh2 39. b5 Rh3 40.
Kb4 axb5 41. f5 Bxf5 42. Kxb5 Bd7+ 43. Kb4 Rxg3 44. c5 Rg5 45. c6+ Bxc6 46. Kc4 Rd5 47. Kb4 Kc8 48. Kc4 Kd7 49. Kb4 Ke8 50. Kc4 h6 51. Kb4 g6 52. Kc4 h5 53. Kb4 g5 54. Kc4 Kd7 55. Kb4 Kd6 56. Kc4 Bd7 57. Kb4 c6 58. Kc4 Be6 59. Kb4 g4 60. Ka4 h4 61. Kb4 h3 62. Ka4 h2 63. Kb4 h1=Q 64.
Ka4 Qe4+ 65. Ka3 Rd3+ 66. Kb2 Qe2+ 67. Ka1 Rd1# 0-1

[Event "Late-Titled-Tuesday-Blitz-June-25-2024"]
[Site "Chess.com"]
[Date "2024.06.25"]
[Round "6"]
[White "jcmesafischer"]
[Black "AthanasiusLefebvre"]
[Result "1-0"]
[WhiteElo "2367"]
[BlackElo "2078"]
[TimeControl "180+1"]
[EndTime "15:05:22 PDT"]
[Termination "jcmesafischer won on time"]

1. e4 e6 2. Qe2 c5 3. Nf3 Nc6 4. g3 d6 5. Bg2 g6 6. O-O Bg7 7. c3 Nge7 8. Na3 O-O 9. Nc2 Rb8 10. d4 b5 11. Bf4 cxd4 12. cxd4 Nxd4 13. Nfxd4 e5 14.
Be3 exd4 15. Bxd4 Nc6 16. Bxg7 Kxg7 17. Rad1 Qf6 18. b3 Re8 19. Qd2 Rd8 20. f4 Bg4 21. Rc1 Rbc8 22. h3 Be6 23. Rfd1 h5 24. Ne3 a6 25. Rxc6 Rxc6 26. e5 dxe5 27. Qxd8 Qxd8 28. Rxd8 Rc3 29. Kf2 exf4 30. gxf4 Rc1 31. h4 Ra1 32. Rd2 a5 33. Bc6 a4 34. bxa4 bxa4 35. Bd5 a3 36. Bxe6 fxe6 37. Nc4 Rh1 38. Kg3 Rg1+ 39. Rg2 Rc1 40. Ne5 Rc3+ 41. Kh2 Kf6 42. Nxg6 1-0

[Event "Late-Titled-Tuesday-Blitz-June-25-2024"]
[Site "Chess.com"]
[Date "2024.06.25"]
[Round "6"]
[White "GiorgianBarbosa"]
[Black "CoachVadim"]
[Result "0-1"]
[WhiteElo "2585"]
[BlackElo "2417"]
[TimeControl "180+1"]
[EndTime "15:05:23 PDT"]
[Termination "CoachVadim won on time"]

1. c4 e6 2. g3 d5 3. Bg2 Nf6 4. Nf3 Be7 5. O-O O-O 6. b3 d4 7. e3 c5 8. exd4 cxd4 9. d3 Nc6 10.
Bg5 h6 11. Bxf6 Bxf6 12. Nbd2 a5 13. c5 Be7 14. Rc1 a4 15. Re1 axb3 16. axb3 Nb4 17. Ne4 f5 18. Nd6 Bxd6 19. cxd6 Qxd6 20. Rc4 Nc6 21. Qe2 Rd8 22. Nh4 Ra3 23. Bxc6 bxc6 24. b4 Rc3 25. Qa2 Rxd3 26. Nxf5 Qf8 27. Nh4 Rc3 28. Rxc3 dxc3 29. Qc4 Rd2 30. Re2 Qd6 31. Nf3 Rxe2 32. Qxe2 Ba6 33. Qxa6 c2 34. Qf1 Qd1 35. Ne1 c1=Q 0-1

[Event "Late-Titled-Tuesday-Blitz-June-25-2024"]
[Site "Chess.com"]
[Date "2024.06.25"]
[Round "6"]
[White "glebus008"]
[Black "rockstar0902"]
[Result "0-1"]
[WhiteElo "2411"]
[BlackElo "2619"]
[TimeControl "180+1"]
[EndTime "15:05:25 PDT"]
[Termination "rockstar0902 won by checkmate"]

1. a3 e5 2. Nc3 d5 3. d4 e4 4.
f3 f5 5. Bf4 Nf6 6. e3 Bd6 7. Nh3 O-O 8. Be2 Nc6 9. Bxd6 cxd6 10.
fxe4 dxe4 11. Nf4 d5 12. O-O g5 13. Nh5 Be6 14. Nxf6+ Qxf6 15. Nb5 Rac8 16. Nd6 Rc7 17.
Nxf5 Bxf5 18. g4 Ne7 19. gxf5 Nxf5 20. Bg4 Qg6 21. Bxf5 Rxf5 22. Qg4 Rcf7 23. Rxf5 Qxf5 24. Qxf5 Rxf5 25. Rf1 Rxf1+ 26. Kxf1 b5 27. Kf2 Kf7 28. Kg3 h5 29. h3 Kf6 30. Kg2 h4 31. b3 Kf5 32. c3 g4 33. Kh2 gxh3 34. Kxh3 Kg5 35. a4 bxa4 36. bxa4 a5 37. Kh2 Kg4 38. Kg2 h3+ 39.
Kf2 Kh4 40. c4 dxc4 41. d5 Kg5 42. d6 Kf6 43. d7 Ke7 44. d8=Q+ Kxd8 45. Kg3 c3 46. Kxh3 c2 47. Kg3 c1=Q 48. Kf4 Qc4 49. Kg5 Qxa4 50. Kg6 Qe8+ 51. Kh7 Qf7+ 52. Kh8 Qf6+ 53. Kg8 a4 54. Kh7 a3 55. Kg8 a2 56.
Kh7 a1=Q 57. Kg8 Qg7# 0-1

[Event "Late-Titled-Tuesday-Blitz-June-25-2024"]
[Site "Chess.com"]
[Date "2024.06.25"]
[Round "6"]
[White "dolynachess"]
[Black "JanistanTV"]
[Result "0-1"]
[WhiteElo "2522"]
[BlackElo "2671"]
[TimeControl "180+1"]
[EndTime "15:05:27 PDT"]
[Termination "JanistanTV won on time"]

1. d4 d5 2. c4 c5 3. cxd5 Qxd5 4. Nf3 cxd4 5. Nc3 Qa5 6. Nxd4 Nf6 7.
g3 e5 8. Nb3 Qc7 9. Bg2 Bb4 10.
Bd2 O-O 11. O-O Nc6 12. a3 Bxc3 13. Bxc3 Rd8 14. Qc2 Nd4 15. Qd1 Nf3+ 16. Bxf3 Rxd1 17. Rfxd1 Bg4 18. Nd2 Bxf3 19. Nxf3 e4 20. Ng5 e3 21. f3 h6 22. Bxf6 hxg5 23. Bxg5 Qe5 24. Bf4 Qxb2 25.
Kf1 b6 26. a4 Re8 27. Rab1 Qc2 28. Ra1 Qf5 29. Rd3 Qc5 30. Raa3 Qc1+ 31. Kg2 Qc2 32. Kf1 Qb1+ 33. Kg2 Qe1 34. Rxe3 Rc8 35. h4 Rc2 36. Re8+ Kh7 37. Rae3 Rc1 38. Kh3 Qf1+ 39. Kg4 Rc5 40. R8e5 Rxe5 41. Rxe5 f6 42. Re7 Qa1 43. Rxa7 Qd4 44.
h5 Kg8 45. h6 g5 46. Rg7+ Kf8 0-1

[Event "Late-Titled-Tuesday-Blitz-June-25-2024"]
[Site "Chess.com"]
[Date "2024.06.25"]
[Round "6"]
[White "IMRosen"]
[Black "DmitriiZakurdaev"]
[Result "1/2-1/2"]
[WhiteElo "2721"]
[BlackElo "2427"]
[TimeControl "180+1"]
[EndTime "15:05:29 PDT"]
[Termination "Game drawn by stalemate"]

1. e4 c6 2. d4 d5 3. exd5 cxd5 4. c3 Nc6 5. Bd3 Nf6 6. Bf4 Bg4 7. Nf3 e6 8. O-O Bd6 9. Bxd6 Qxd6 10. Nbd2 O-O 11. Qe1 Qc7 12. Ne5 Bh5 13. f4 Bg6 14. Bxg6 hxg6 15.
Qh4 Rfc8 16. Rf3 Qe7 17. g4 Ne4 18. g5 Nxe5 19. Rh3 f5 20. gxf6 Qxf6 21. Qxf6 gxf6 22. Nxe4 dxe4 23. fxe5 f5 24. Kf2 Kg7 25. Rg3 Rh8 26. h3 Rh6 27. Rag1 Rah8 28. a4 Kf7 29. Ke2 R8h7 30.
Kf2 Rxh3 31. Rxg6 Rh2+ 32. R6g2 f4 33. a5 f3 34. Rxh2 Rxh2+ 35. Ke3 Re2+ 36. Kf4 f2 37. Rf1 e3 38. Kf3 Re1 39. Kg2 Ke7 40. c4 e2 41.
Rxf2 Rg1+ 42. Kxg1 e1=Q+ 43. Kg2 Qe4+ 44. Kh2 Qxd4 45. Rg2 Qxe5+ 46. Rg3 Qxa5 47. c5 Qxc5 48. b4 Qxb4 49. Kg2 Qf4 50. Kh2 Qxg3+ 51. Kh1 Kd6 1/2-1/2